 Dungeon Crawl Stone Soup version 0.30.1-9-gdf580d7c3d (webtiles) character file.

Game seed: 10596674342515457528

203 lonewolfV2 the Trooper (level 5, -2/43 HPs)
             Began as a Demonspawn Fighter on Oct 23, 2023.
             Slain by a gnoll sergeant
             ... wielding a +0 spear
              (6 damage)
             ... on level 3 of the Dungeon.
             The game lasted 00:04:34 (2898 turns).

lonewolfV2 the Trooper (Demonspawn Fighter)         Turns: 2898, Time: 00:04:35

Health: -2/43      AC: 10    Str: 18    XL:     5   Next: 51%
Magic:  5/5        EV: 11    Int: 10    God:
Gold:   103        SH:  8    Dex: 12    Spells: 4/4 levels left

rFire   . . .        a - +0 war axe
rCold   . . .        m - +0 kite shield
rNeg    . . .        j - +0 chain mail
rPois   .            (no helmet)
rElec   .            p - +0 cloak
rCorr   .            (no gloves)
SInv    .            (no boots)
Will    .....        (no amulet) Stlth
                     n - +5 ring of evasion
HPRegen 0.27/turn    (no ring)
MPRegen 0.18/turn

%: no passive effects
@: attractive
A: claws 1, ignite blood 1, magic regeneration
a: no special abilities


You were on level 3 of the Dungeon.
You visited 1 branch of the dungeon, and saw 3 of its levels.

You collected 103 gold pieces.

Inventory:

Hand Weapons
 a - a +0 war axe (weapon)
Armour
 b - a +0 scale mail
 c - a +0 buckler
 j - a +0 chain mail (worn)
 l - the +0 leather armour "Uryowyna" {Str+4 Dex+3}
   (You found it on level 2 of the Dungeon)

   Str:       It affects your strength (+4).
   Dex:       It affects your dexterity (+3).
 m - a +0 kite shield (worn)
 p - a +0 cloak (worn)
Jewellery
 n - a +5 ring of evasion (left claw)
 o - a +5 ring of evasion
Scrolls
 e - 3 scrolls of identify {unknown}
 h - a scroll of noise {unknown}
Potions
 d - a potion of mutation {unknown}
 f - 2 potions of attraction
 g - a potion of cancellation
 i - 3 potions of curing {unknown}
 k - a potion of degeneration {unknown}


   Skills:
 + Level 4.5 Fighting
 + Level 4.2 Axes
 - Level 2.6 Armour
 - Level 2.6 Shields


You had 4 spell levels left.
You didn't know any spells.
Your spell library contained the following spells:

 Spells                   Type           Power      Damage    Failure   Level
 Poisonous Vapours        Pois/Air       0%         N/A       100%        2
 Gell's Gravitas          Tloc           0%         N/A       100%        3
 Mephitic Cloud           Conj/Pois/Air  0%         N/A       100%        3
 Teleport Other           Tloc           0%         N/A       100%        3
 Freezing Cloud           Conj/Ice/Air   0%         6-21      100%        5
 Dispersal                Tloc           0%         N/A       100%        6


Dungeon Overview and Level Annotations

Branches:
Dungeon (3/15)

Altars:
Gozag

Annotations:
D:3 lonewolfV2's ghost, amateur FoFi


Innate Abilities, Weirdness & Mutations

You have sharp fingernails.
Your demonic aura sometimes causes spilled blood to erupt in flames.
You regenerate magic rapidly.


Message History

Could not explore, unopened runed door.
Press: ? - help, v - describe, . - travel The floor.
As you open the gate, it creaks loudly!
LonewolfV2's ghost ripples.
You hit the jackal but do no damage.
You hit lonewolfV2's ghost but do no damage.
You hit the jelly.
Your claws burn!
The jackal barely misses you. x2
You block the gnoll sergeant's attack. You block lonewolfV2's ghost's attack.
The jelly misses you.
You hit the jackal.
The jackal is moderately wounded.
You hit lonewolfV2's ghost. You hit the jelly but do no damage.
Your claws burn!
The jackal bites you but does no damage.
You block lonewolfV2's ghost's attack. The gnoll sergeant barely misses you.
You block the jelly's attack. The jackal barely misses you.
The gnoll sergeant hits you from afar with a +0 spear.
The jelly barely misses you. LonewolfV2's ghost hits you!
You hit the jackal.
You kill the jackal!
You barely miss lonewolfV2's ghost. You slash the jelly!
Your claws burn!
You block the gnoll sergeant's attack. You block lonewolfV2's ghost's attack.
The jelly closely misses you.
The gnoll sergeant hits you with a +0 spear.
LonewolfV2's ghost hits you but does no damage.
The jelly hits you. The acid corrodes you!
You are splashed with acid!
* * * LOW HITPOINT WARNING * * *
There is an open translucent gate here.
Sorry, you're not good enough to have a special ability.
It was a potion of attraction.
You feel attractive to monsters. You block the gnoll sergeant's attack.
LonewolfV2's ghost closely misses you. The jelly hits you but does no damage.
It was a potion of cancellation.
Your magical effects are unravelling.
You feel magically purged.
You are no longer corroded.
The gnoll sergeant hits you with a +0 spear.
You die...

.####.........# #.##
..............# #.#.
..###)........# ###.
..............# #..
..###......######### ##.. ..#
#.....##.8.##..# #(.. ..#
#######$.$..#..# #... ..#
#8$$..W..## ###.# ..# #∩.8_g@...#
#.#.# ..# ###8$$$.J...##### #.#.#
..# ####.#...$.#.(.....#####.#.#
..## #....##∩8.##..#[.......#....
...# #.....########..............
.#.###).#>####.###.####.###.###.#
................#.## #(# #.# #.#
##.###....######.## #.###.###.#
#.# #.##.# ### #......##.#


You could see a gnoll sergeant, a jelly and lonewolfV2's ghost.

Vanquished Creatures
  A centaur (D:3)
  5 adders
  A worm (D:3)
  3 dart slugs
  An orc (D:3)
  6 ball pythons
  4 bats
  5 endoplasms
  6 giant cockroaches
  8 goblins
  6 hobgoblins
  4 jackals
  4 kobolds (D:3)
  3 quokkas
  4 frilled lizards
  6 rats
67 creatures vanquished.

Notes
Turn   | Place    | Note
-------+----------+-------------------------------------------
     0 | D:1      | lonewolfV2 the Demonspawn Fighter began the quest for the
                  | Orb.
     0 | D:1      | Reached XP level 1. HP: 18/18 MP: 1/1
    60 | D:1      | Gained mutation: Your demonic aura sometimes causes spilled
                  | blood to erupt in flames. [demonic ancestry]
    60 | D:1      | Reached XP level 2. HP: 13/24 MP: 2/2
   973 | D:2      | Gained mutation: You regenerate magic rapidly. [demonic
                  | ancestry]
   973 | D:2      | Reached XP level 3. HP: 23/29 MP: 3/3
  1749 | D:2      | Identified the +0 leather armour "Uryowyna" {Str+4 Dex+3}
  1909 | D:3      | Found a runed translucent gate.
  1909 | D:3      | Found a runed translucent gate.
  1909 | D:3      | Found an opulent altar of Gozag.
  1909 | D:3      | Found a runed translucent gate.
  1909 | D:3      | Noticed a gnoll sergeant
  1920 | D:3      | Noticed lonewolfV2's ghost (amateur FoFi)
  1957 | D:3      | Gained mutation: You have sharp fingernails. [demonic
                  | ancestry]
  1957 | D:3      | Reached XP level 4. HP: 32/37 MP: 4/4
  2579 | D:3      | Noticed a centaur
  2586 | D:3      | Killed a centaur
  2587 | D:3      | Reached XP level 5. HP: 27/43 MP: 5/5
  2898 | D:3      | Slain by a gnoll sergeant

Illustrated notes

Levels and vault maps discovered:
D:1:      beargit_arrival_greenhouse, layout_basic, serial_curves,
          eino_curves_01, eino_curves_04
D:2:      layout_loops_ring, serial_forest, infiniplex_forest_end_2,
          infiniplex_forest_straight_2, infiniplex_forest_end_1,
          infiniplex_forest_straight_3, infiniplex_forest_join
D:3:      minmay_razor_zed, layout_loops_ring, ebering_ghost_gozag

Skill      XL: |  1  2  3  4 |
---------------+-------------+-----
Axes           | 2 3 4 |  4.2
Fighting       | 4 |  4.5
Armour         | |  2.6
Shields        | |  2.6

Action                     |  1- 3 |  4- 6 || total
---------------------------+-------+-------++-------
  Melee: War axe           |   109 |    67 ||   176
    Use: Scroll            |     3 |       ||     3
         Potion            |       |     3 ||     3
 Armour: Scale mail        |    42 |       ||    42
         Chain mail        |    31 |    51 ||    82
         Leather armour    |     1 |       ||     1
  Dodge: Dodged            |    67 |    56 ||   123
  Block: Buckler           |    34 |       ||    34
         Kite shield       |    15 |    49 ||    64
